 Dungeon Crawl Stone Soup version 0.29.0-4-gdea44cf6ec (webtiles) character file.

Game seed: 3615745638097766279

186 qw the Chopper (level 5, -1/30 HPs)
             Began as a Tengu Warper on Aug 29, 2022.
             Killed by divine providence
             ... invoked by an orc priest
              (16 damage)
             ... on level 3 of the Dungeon.
             The game lasted 00:00:19 (3979 turns).

qw the Chopper (Tengu Warper)                       Turns: 3979, Time: 00:00:20

Health: -1/30      AC: 10    Str: 13    XL:     5   Next: 65%
Magic:  9/9        EV:  4    Int: 14    God:
Gold:   140        SH:  0    Dex: 13    Spells: 8/8 levels left

rFire   . . .      SeeInvis .   Y - +0 war axe
rCold   . . .      Faith    .   (no shield)
rNeg    . . .      Spirit   .   i - +0 plate armour
rPois   +          Reflect  .   (helmet restricted)
rElec   .          Harm     .   (no cloak)
rCorr   .          Rampage  .   (no gloves)
Will    .....                   (boots unavailable)
Stlth   ..........              d - amulet of regeneration
HPRegen 0.90/turn               c - ring of poison resistance
MPRegen 0.11/turn               (no ring)

@: flying quickly and evasively, quick
A: beak, talons 3, nimble flight
a: no special abilities


You were on level 3 of the Dungeon.
You visited 1 branch of the dungeon, and saw 3 of its levels.

You collected 140 gold pieces.


Innate Abilities, Weirdness & Mutations

You have a beak for a mouth.
You have claws for feet.
Your magical nature lets you fly swiftly and evasively.


   Skills:
 - Level 2.0 Fighting
 + Level 6.0 Axes
 - Level 1.0 Throwing
 - Level 2.0 Armour
 - Level 2.1 Dodging
 - Level 2.0 Spellcasting
 - Level 2.4 Translocations


You had 8 spell levels left.
You didn't know any spells.
Your spell library contained the following spells:

 Spells                   Type           Power      Damage    Failure   Level
 Blink                    Tloc           16%        N/A       100%        2
 Gell's Gravitas          Tloc           8%         N/A       100%        3
 Lesser Beckoning         Tloc           8%         N/A       100%        3
 Teleport Other           Tloc           8%         N/A       100%        3
 Manifold Assault         Tloc           8%         N/A       100%        5

Inventory:

Hand Weapons
 b - a +0 flail
 Y - a +0 war axe (weapon)
Armour
 i - a +0 plate armour (worn)
Jewellery
 c - a ring of poison resistance (left hand)
 d - an amulet of regeneration (around neck)
Potions
 a - a potion of flight {unknown}
 e - a potion of brilliance {unknown}
 f - 2 potions of curing

Dungeon Overview and Level Annotations

Branches:
Dungeon (3/15)

Altars:


Message History

The orc barely misses you.
The orc priest casts a cantrip, but nothing happens.
You fly upwards.
There is a stone staircase leading down here.
You barely miss the orc. The orc hits you but does no damage.
You slash the orc!
You kill the orc!
Your Armour skill increases to level 2!
Done exploring.
(D) Dungeon
Where to? (* - list waypoints, Enter - D:3, ? - help)
What level of the Dungeon? (default 1, ? - help)
You fly downwards.
There is a stone staircase leading up here.
There are monsters nearby!
The orc priest looks braver for a moment.
The orc priest hits you with a +0 flail.
You hit the orc priest.
The orc priest is moderately wounded.
The orc priest barely misses you.
You barely miss the orc priest.
You claw the orc priest, but do no damage.
The orc priest is moderately wounded.
The orc priest looks satisfied for a moment.
You hit the orc priest.
You claw the orc priest, but do no damage.
You peck the orc priest, but do no damage.
The orc priest is heavily wounded.
The orc priest completely misses you.
You closely miss the orc priest.
The orc priest is heavily wounded.
The orc priest hits you with a +0 flail!
The orc priest hits you with a +0 flail.
You hit the orc priest.
The orc priest is heavily wounded.
The orc priest mumbles some strange prayers to Beogh against you.
Beogh smites you!
Ouch! That really hurt!
You die...

... #.#.# #.##..(.#..#.# .# #.
... #.#.# #.##.........##.#...
..o####.#.#
#.##....#..........
..o.....#.###.##..............
>......).....#...........)#
.######.###.##.#......).# #.#
#.##o#........# #.#
#.##o##.......# #.#
#.##@##...%...#### #.#
#.##.##........... #.#
#.##<#####.####.## #.
#.##.#####%####.#
#.##............#
#######.###### #.# #.# #.#


You could see an orc priest and an orc.

Vanquished Creatures
  4 gnolls (D:2)
  5 adders
  A worm (D:3)
  A dart slug (D:1)
  6 orcs
  7 ball pythons
  8 bats
  6 endoplasms
  4 giant cockroaches
  7 hobgoblins
  17 jackals
  4 frilled lizards
  3 goblins
  7 kobolds
  4 rats
84 creatures vanquished.

Notes
Turn   | Place    | Note
-------+----------+-------------------------------------------
     0 | D:1      | qw the Tengu Warper began the quest for the Orb.
     0 | D:1      | Reached XP level 1. HP: 12/12 MP: 4/4
     0 | D:1      | 0 ||| qw: Version: 0.1-a-89-g26bdef1
     0 | D:1      | 0 ||| qw: Game counter: 3491
     0 | D:1      | 0 ||| qw: Always use a shield: true
     0 | D:1      | 0 ||| qw: God list: Okawaru
     0 | D:1      | 0 ||| qw: Allow faded altars: false
     0 | D:1      | 0 ||| qw: Do Orc after D:15 true
     0 | D:1      | 0 ||| qw: Do second Lair branch before Depths: true
     0 | D:1      | 0 ||| qw: Lair rune preference: random
     0 | D:1      | 0 ||| qw: Plans: Normal
     0 | D:1      | 0 ||| PLANNING D:1-11
   113 | D:1      | Found a faded altar of an unknown god.
   125 | D:1      | Reached skill level 3 in Axes
   125 | D:1      | Reached XP level 2. HP: 5/17 MP: 6/6
   125 | D:1      | HP: 2/17 [rat (3)]
   429 | D:1      | 429 ||| Stepping ~*~*~tactically~*~*~ (stealth).
   573 | D:1      | 573 ||| Stepping ~*~*~tactically~*~*~ (stealth).
   587 | D:1      | 587 ||| Stepping ~*~*~tactically~*~*~ (stealth).
   711 | D:1      | Reached XP level 3. HP: 20/21 MP: 7/7
   729 | D:1      | 729 ||| Stepping ~*~*~tactically~*~*~ (stealth).
   731 | D:1      | 731 ||| Stepping ~*~*~tactically~*~*~ (stealth).
   810 | D:1      | 810 ||| Stepping ~*~*~tactically~*~*~ (hiding).
   825 | D:1      | Reached skill level 4 in Axes
  1143 | D:1      | 1143 ||| SWAPPING to +0 war axe.
  1144 | D:1      | 1144 ||| DROPPING +0 hand axe.
  1145 | D:1      | 1145 ||| DROPPING +6 ring of intelligence.
  1146 | D:1      | 1146 ||| READING scroll labelled IHACEU QYWNOOK.
  1147 | D:1      | 1147 ||| READING scroll labelled UKO GAWKI TUF.
  1152 | D:1      | 1152 ||| DRINKING 2 red potions.
  1153 | D:1      | 1153 ||| DROPPING scroll of blinking.
  1362 | D:2      | 1362 ||| Stepping ~*~*~tactically~*~*~ (stealth).
  1363 | D:2      | 1363 ||| Stepping ~*~*~tactically~*~*~ (stealth).
  1364 | D:2      | 1364 ||| Stepping ~*~*~tactically~*~*~ (stealth).
  1365 | D:2      | 1365 ||| Stepping ~*~*~tactically~*~*~ (stealth).
  1484 | D:2      | 1484 ||| Stepping ~*~*~tactically~*~*~ (hiding).
  1486 | D:2      | HP: 4/21 [gnoll/+0 club (6)]
  1487 | D:2      | 1487 ||| READING scroll of teleportation.
  1488 | D:2      | HP: 1/21 [gnoll/+0 club (4)]
  1490 | D:2      | Reached XP level 4. HP: 1/26 MP: 8/8
  1606 | D:2      | 1606 ||| FLEEEEING.
  1607 | D:2      | 1607 ||| FLEEEEING.
  2133 | D:2      | Reached skill level 5 in Axes
  2289 | D:2      | 2289 ||| Stepping ~*~*~tactically~*~*~ (stealth).
  2582 | D:2      | Gained mutation: Your magical nature lets you fly swiftly
                  | and evasively. [Tengu growth]
  2582 | D:2      | Reached XP level 5. HP: 24/30 MP: 9/9
  2586 | D:2      | HP: 6/30 [gnoll/+0 whip (7)]
  2740 | D:2      | 2740 ||| FLEEEEING.
  2741 | D:2      | 2741 ||| FLEEEEING.
  2865 | D:2      | 2865 ||| DROPPING +0 club.
  3360 | D:2      | Reached skill level 6 in Axes
  3361 | D:2      | 3361 ||| Stepping ~*~*~tactically~*~*~ (stealth).
  3365 | D:2      | 3365 ||| Stepping ~*~*~tactically~*~*~ (stealth).
  3426 | D:2      | 3426 ||| UPGRADING to +0 chain mail.
  3436 | D:2      | 3436 ||| DROPPING +0 leather armour.
  3437 | D:2      | 3437 ||| UPGRADING to +0 plate armour.
  3447 | D:2      | 3447 ||| DROPPING +0 chain mail.
  3448 | D:2      | 3448 ||| UPGRADING to ring of poison resistance.
  3449 | D:2      | 3449 ||| DROPPING ring of flight.
  3450 | D:2      | 3450 ||| READING scroll labelled WIBEZI ZUHEHOTZ.
  3451 | D:2      | 3451 ||| READING scroll labelled VALITR JOXZACK.
  3588 | D:3      | 3588 ||| Stepping ~*~*~tactically~*~*~ (stealth).
  3589 | D:3      | 3589 ||| Stepping ~*~*~tactically~*~*~ (stealth).
  3594 | D:3      | 3594 ||| Stepping ~*~*~tactically~*~*~ (stealth).
  3597 | D:3      | 3597 ||| Stepping ~*~*~tactically~*~*~ (stealth).
  3603 | D:3      | 3603 ||| Stepping ~*~*~tactically~*~*~ (stealth).
  3617 | D:3      | 3617 ||| DROPPING +0 whip.
  3841 | D:3      | 3841 ||| FLEEEEING.
  3856 | D:3      | 3856 ||| FLEEEEING.
  3857 | D:3      | 3857 ||| FLEEEEING.
  3858 | D:3      | 3858 ||| FLEEEEING.
  3869 | D:3      | 3869 ||| FLEEEEING.
  3870 | D:3      | 3870 ||| STAIRDANCE
  3960 | D:2      | 3960 ||| UPGRADING to amulet of regeneration.
  3967 | D:3      | 3967 ||| STAIRDANCE
  3979 | D:3      | Killed from afar by an orc priest

Levels and vault maps discovered:
D:1:      minmay_arrival_jagged, layout_rooms,
          hellmonk_ecumenical_altar_dog_temple
D:2:      minmay_chambers_of_twos, layout_basic, hangedman_decor_peaks_small
D:3:      layout_loops_ring, chequers_serial_rivers_small_a

Skill      XL: |  1  2  3  4  5 |
---------------+----------------+-----
Axes           | 3 4 5 6 |  6.0
Armour         | 2 |  2.0
Fighting       | |  2.0
Throwing       | |  1.0
Dodging        | |  2.1
Spellcasting   | |  2.0
Translocations | |  2.4

Action                   |  1- 3 |  4- 6 || total
-------------------------+-------+-------++-------
Melee: Hand axe          |    70 |       ||    70
       Kick              |    23 |    27 ||    50
       Peck              |     9 |    16 ||    25
       Punch             |     1 |     1 ||     2
       War axe           |    19 |   117 ||   136
Throw: Boomerang         |     7 |       ||     7
  Use: Scroll            |     3 |     2 ||     5
       Potion            |     1 |       ||     1
Armor: Leather armour    |    22 |    18 ||    40
       Plate armour      |       |    10 ||    10
Dodge: Dodged            |    43 |    70 ||   113

Table legend:
 A = Non-vault XP
 B = Vault XP
 C = Vault XP percentage of total XP
 D = Non-vault monster count
 E = Vault monster count
 F = Vault count percentage of total count
                 A         B        C        D         E       F
            +---------+---------+-------+---------+---------+-------
      Total |     224 |      42 |  15.8 |      74 |      10 |  11.9
            +---------+---------+-------+---------+---------+-------
        D:1 |      51 |       4 |   7.3 |      29 |       2 |   6.5
        D:2 |     136 |      38 |  21.8 |      35 |       8 |  18.6
        D:3 |      37 |       0 |   0.0 |      10 |       0 |   0.0
            +---------+---------+-------+---------+---------+-------
